Unix NetHack Version 3.7.0-65 Work-in-progress - last build Oct 10 2022 05:34:18 (2afc5cfc90f7ecdc2856d9919a2295b875398e55,branch:master). Game began 2022-10-18 18:15:25, ended 2022-10-18 18:40:45. Gandelf, neutral male human Monk ------------------ |@...........>...| |Y-----------....--- |.......|---|.-....| |....%..|...|...--.| |.......|..........| |...<.).|-.--.-....| |.......|...|....-.| |.......|.0....-...| |...l...|.|0.-.0.-.| ----------|....0...| |.0..|.--- -------- Gandelf the Initiate St:18/01 Dx:14 Co:12 In:10 Wi:13 Ch:13 Neutral S:2805 Dlvl:3 $:17 HP:0(43) Pw:31(31) AC:4 Xp:6/622 T:4216 Burdened Latest messages: You see here a wire ring. The boulder falls into and plugs a hole in the floor! You drop an uncursed crossbow. You drop an uncursed crude dagger. You drop a crude dagger. You drop a cursed long sword. You see here a wire ring. You have a little trouble lifting r - a wire ring. With great effort you move the boulder. You feel wise! You must have been very observant. You feel agile! You must have been working on your reflexes. The boulder falls into and plugs a hole in the floor! With great effort you move the boulder. With great effort you move the boulder. The boulder falls into and plugs a hole in the floor! You kill the newt! You see here a newt corpse. You hear a sound reminiscent of an elephant stepping on a peanut. With great effort you move the boulder. You see here a newt corpse. The boulder falls into and plugs a hole in the floor! You have a little trouble lifting Y - a crude dagger. The boulder won't roll diagonally on this floor. What do you want to throw? [$Y or ?*] Y In what direction? h The crude dagger misses the leprechaun. You hit the leprechaun! The leprechaun hits! Your purse feels lighter. A mysterious force prevents the leprechaun from teleporting! The leprechaun jumps into a hole! There is a hole here. You see here a crude dagger. Air currents pull you down into a hole! The yeti hits! The yeti hits! The yeti bites! The yeti hits! The yeti hits! The yeti just misses! The yeti hits! The yeti hits! The yeti bites! You hit the yeti! The yeti hits! The yeti hits! You die... Do you want your possessions identified? [ynq] (y) q Inventory: Coins $ - 17 gold pieces Armor G - a cursed -3 orcish helm s - an uncursed +2 pair of leather gloves (being worn) E - an uncursed +0 pair of iron shoes b - an uncursed +1 robe (being worn) Comestibles g - 6 uncursed apples p - an uncursed clove of garlic N - 3 uncursed food rations Z - an uncursed partly eaten food ration i - 4 uncursed fortune cookies K - 4 uncursed fortune cookies h - 6 uncursed oranges W - an uncursed orange O - 3 uncursed tripe rations m - 2 uncursed lichen corpses l - an uncursed lizard corpse Scrolls S - a blessed scroll of blank paper u - 4 uncursed scrolls of blank paper B - an uncursed scroll of create monster R - a blessed scroll of earth Q - an uncursed scroll of earth D - an uncursed scroll of enchant armor L - an uncursed scroll of identify M - 2 uncursed scrolls of light y - an uncursed scroll of magic mapping d - an uncursed scroll of remove curse J - an uncursed scroll of remove curse Spellbooks c - a blessed spellbook of confuse monster j - an uncursed spellbook of detect monsters n - an uncursed spellbook of haste self z - a cursed spellbook of haste self Potions U - an uncursed potion of extra healing q - an uncursed potion of fruit juice F - 6 potions of holy water e - an uncursed potion of water Rings V - an uncursed ring of fire resistance P - a blessed +1 ring of increase damage f - an uncursed +1 ring of increase damage r - a cursed -1 ring of increase damage Wands A - a wand of cancellation (0:5) X - a wand of digging (0:8) o - a wand of locking (0:7) T - a wand of teleportation (0:4) Tools w - a cursed blindfold x - a blessed magic lamp a - an uncursed magic whistle v - an uncursed mirror k - an uncursed tallow candle Gems/Stones H - an uncursed topaz stone I - 3 uncursed rocks Gandelf the Monk's attributes: Background: You were an Initiate, a level 6 male human Monk. You were neutral, on a mission for Chih Sung-tzu who was opposed by Shan Lai Ching (lawful) and Huan Ti (chaotic). You were in Sokoban, on level 3. You entered the dungeon 4216 turns ago. You had 622 experience points, 18 more were needed to attain level 7. Your score was 2805 before end-of-game adjustments. Basics: You had 0 out of 43 hit points. You had all 31 energy points (spell power). Your armor class was 4. Your wallet contained 17 zorkmids. Autopickup was off. Final Characteristics: Your strength was 18/01 (limit:18/100). Your dexterity was 14 (limit:18). Your constitution was 12 (limit:18). Your intelligence was 10 (limit:18). Your wisdom was 13 (limit:18). Your charisma was 13 (limit:18). Final Status: You were not hungry. You were burdened; movement was slightly slowed. You were empty handed. You were skilled in martial arts. Final Attributes: You were piously aligned. You were sleep resistant. You were poison resistant. You saw invisible. You were stealthy. You were guarded. You were fast. You are dead. Miscellaneous: You encountered 1 bones level. Total elapsed playing time was 25 minutes and 5 seconds. Major events: Turn 1: Gandelf the neutral male human Monk entered the dungeon 739: attained the rank of Novice (level 3) 1059: entered the Gnomish Mines 1243: destroyed goupaloupa's ghost, the former Skirmisher 2419: attained the rank of Initiate (level 6) 2655: entered Sokoban 2954: completed 1st Sokoban level 3521: completed 2nd Sokoban level 3931: completed 3rd Sokoban level 4216: killed by a yeti Vanquished creatures: a ghost a small mimic a lizard a dwarf leader an imp a quasit a water nymph a mountain nymph 2 rock piercers a yellow light a shrieker 2 gnome leaders a gray ooze 6 elf zombies a ghoul a straw golem 2 paper golems 2 giant ants 4 hill orcs 5 rothes a centipede an iguana 6 coyotes 3 giant rats a cave spider 4 gnomes a gecko 8 jackals 2 foxes a kobold 4 goblins 2 sewer rats 2 grid bugs 4 lichens a kobold zombie 7 newts 84 creatures vanquished. No species were genocided or became extinct. Voluntary challenges: You followed a strict vegan diet. You never hit with a wielded weapon. You read items or engraved 2 times. You never engraved Elbereth. You never genocided any monsters. You never polymorphed an object. You never changed form. You used no wishes. You did not violate any of the special Sokoban rules. Achievements: You entered a shop. You attained the rank of Novice. You entered the Gnomish Mines. You attained the rank of Initiate. You entered Sokoban. The Dungeons of Doom: levels 1 to 7 Level 1: Level 2: A fountain, a sink. Level 3: A weapon shop, an altar to Chih Sung-tzu, a grave. Stairs down to The Gnomish Mines. Level 4: A general store, a fountain. Level 5: A fountain. Level 6: A fountain, a grave. Stairs up to Sokoban, level 5. Level 7: The Gnomish Mines: Level 4: A grave. Final resting place for goupaloupa-Val-Dwa-Fem-Law, killed by a hill orc. Sokoban: levels 5 up to 2 Level 2: Unsolved. Level 3: <- You were here. Solved. Final resting place for you, killed by a yeti. Level 4: Solved. Level 5: Solved. Game over: ---------- / \ / REST \ / IN \ / PEACE \ / \ | Gandelf | | 17 Au | | killed by a yeti | | | | | | | | 2022 | *| * * * | * _________)/\\_//(\/(/\)/\//\/|_)_______ Goodbye Gandelf the Monk... You died in Sokoban on dungeon level 3 with 2804 points, and 17 pieces of gold, after 4216 moves. You were level 6 with a maximum of 43 hit points when you died.